 Dungeon Crawl Stone Soup version 0.24-a0-537-g2d01d4ab0a (webtiles) character file.

Game seed: 7342752130052888824

139 Ijustatesigmund the Skirmisher (level 5, 0/57 HPs)
             Began as an Ogre Fighter on Aug 14, 2019.
             Slain by a white imp (4 damage)
             ... summoned by Natasha
             ... on level 2 of the Dungeon.
             The game lasted 00:03:34 (2083 turns).

Ijustatesigmund the Skirmisher (Ogre Fighter)       Turns: 2083, Time: 00:03:34

Health: 0/57       AC:  3    Str: 20    XL:     5   Next: 22%
Magic:  0/1        EV:  8    Int:  9    God:
Gold:   81         SH:  8    Dex:  9    Spells: 4/4 levels left

rFire    . . .     SeeInvis .   a - +2 flail (antimagic)
rCold    . . .     Gourm    .   c - +0 shield
rNeg     . . .     Faith    .   b - +0 robe
rPois    .         Spirit   +   (helmet restricted)
rElec    .         Reflect  .   (no cloak)
rCorr    .         Harm     .   (gloves unavailable)
MR       +....                  (boots unavailable)
Stlth    +.........             o - amulet of guardian spirit
HPRegen  0.19/turn              e - ring of protection from magic
MPRegen  0.07/turn              (no ring)

@: no status effects
A: large, unfitting armour, tough skin 1
a: no special abilities


You were on level 2 of the Dungeon.
You were hungry.

You visited 1 branch of the dungeon, and saw 2 of its levels.

You collected 81 gold pieces.

Inventory:

Hand Weapons
 a - a +2 antimagic flail (weapon)
Missiles
 j - 17 poisoned darts (quivered)
Armour
 b - a +0 robe (worn)
 c - a +0 shield (worn)
Jewellery
 e - a ring of protection from magic (left hand)
 o - an amulet of guardian spirit (around neck)
Scrolls
 d - a scroll of amnesia {unknown}
 g - a scroll of identify {unknown}
 h - 3 scrolls of teleportation {unknown}
 i - 2 scrolls of magic mapping {unknown}
 k - 2 scrolls of remove curse {unknown}
 l - a scroll of enchant weapon {unknown}
 m - a scroll of blinking {unknown}
 n - a scroll of fog {unknown}
 q - a scroll of random uselessness {unknown}
Potions
 p - 2 potions of heal wounds {unknown}
Comestibles
 f - 7 rations


   Skills:
 + Level 5.4 Fighting
 * Level 4.0 Maces & Flails
 - Level 2.6 Dodging
 - Level 2.6 Shields


You had 4 spell levels left.
You didn't know any spells.
Your spell library was empty.

Dungeon Overview and Level Annotations

Branches:
Dungeon (2/15)

Altars:

Annotations:
D:2 Natasha


Innate Abilities, Weirdness & Mutations

You are too large for most types of armour.
You have tough skin. (AC +1)


Message History

You are too injured to fight recklessly!
You are too injured to fight recklessly!
You are too injured to fight recklessly!
You hit Natasha.
Natasha's magic leaks into the air.
Natasha is severely wounded.
Natasha claws you!
* * * LOW HITPOINT WARNING * * *
You block the white imp's attack. The crimson imp barely misses you.
Natasha claws you but does no damage.
You closely miss Natasha.
Natasha is severely wounded.
Natasha zaps a wand.
The puff of flame hits you!
* * * LOW HITPOINT WARNING * * *
You block the white imp's attack.
The crimson imp hits you but does no damage.
Natasha mumbles some strange words.
The white imp hits you.
* * * LOW HITPOINT WARNING * * *
The white imp freezes you.
You die...

.....######....#######..........#
.#..........#'#### #..........#
.#.#..#####.#....# ######'#...#
.#.#......#.#....# #)[...#
.#.#....#(#.#....###########....#
.#.#....#.#.#.............##....#
.#.#..<...#.#############.##.....
.#.#..###.#.#....5......#.###....
.#.#......#...#.@h#####.#.###..#.
'#.#.............5..........รท....
................#.5...#.#.####...
...##############.....#.#.# ##..
...# #..)..#.#.# #.. ...#
#.....#.#># ##. ...#
#.....#.#.#### #. ...#
#.....#......# #. ...#
#.....#......# #.


You could see Natasha, 2 crimson imps and a white imp.

Vanquished Creatures
  Terence (D:2)
  Natasha (D:2)
  2 adders (D:2)
  An ooze (D:2)
  3 worms (D:2)
  5 dart slugs
  A leopard gecko (D:2)
  4 goblins
  5 hobgoblins
  5 jackals (D:2)
  2 quokkas (D:2)
  3 ball pythons
  4 bats
  A frilled lizard (D:2)
  7 kobolds
  2 rats
47 creatures vanquished.

Vanquished Creatures (others)
  5 toadstools (D:1)
5 creatures vanquished.

Grand Total: 52 creatures vanquished

Notes
Turn   | Place    | Note
-------+----------+-------------------------------------------
     0 | D:1      | Ijustatesigmund the Ogre Fighter began the quest for the
                  | Orb.
     0 | D:1      | Reached XP level 1. HP: 24/24 MP: 1/1
   114 | D:1      | Reached XP level 2. HP: 32/32 MP: 2/2
   687 | D:2      | Reached XP level 3. HP: 40/40 MP: 3/3
  1296 | D:2      | Reached XP level 4. HP: 37/49 MP: 4/4
  1444 | D:2      | Noticed Terence
  1456 | D:2      | Killed Terence
  1456 | D:2      | Reached skill level 5 in Fighting
  1963 | D:2      | Noticed Natasha
  1970 | D:2      | Killed Natasha
  1970 | D:2      | Reached XP level 5. HP: 43/57 MP: 1/5
  2072 | D:2      | Noticed Natasha
  2083 | D:2      | Slain by a white imp

Levels and vault maps discovered:
D:1:      ldierk_walled_garden, layout_loops_ring
D:2:      layout_basic, uniq_terence, uniq_natasha

Skill      XL: |  1  2  3  4 |
---------------+-------------+-----
Maces & Flails | 2 3 4 |  4.0
Fighting       | 5 |  5.4
Dodging        | |  2.6
Shields        | |  2.6

Action                   |  1- 3 |  4- 6 || total
-------------------------+-------+-------++-------
Melee: Flail             |   113 |    47 ||   160
Throw: Dart              |    35 |     5 ||    40
  Use: Potion            |       |     1 ||     1
  Eat: Chunk             |     1 |     2 ||     3
Armor: Robe              |    26 |    12 ||    38
Dodge: Dodged            |    39 |    20 ||    59
Block: Shield            |    44 |    17 ||    61

Table legend:
 A = Non-vault XP
 B = Vault XP
 C = Vault XP percentage of total XP
 D = Non-vault monster count
 E = Vault monster count
 F = Vault count percentage of total count
                 A         B        C        D         E       F
            +---------+---------+-------+---------+---------+-------
      Total |     126 |      73 |  36.7 |      45 |       2 |   4.3
            +---------+---------+-------+---------+---------+-------
        D:1 |      30 |       0 |   0.0 |      16 |       0 |   0.0
        D:2 |      96 |      73 |  43.2 |      29 |       2 |   6.5
            +---------+---------+-------+---------+---------+-------
